 Dungeon Crawl Stone Soup version 0.20.0-7-g3b7b877 (webtiles) character file.

68 kraftydee the Poker (level 4, -7/37 HPs)
             Began as a Minotaur Gladiator on May 30, 2017.
             Was an Initiate of Okawaru.
             Mangled by Edmund
             ... wielding a +0 flail of protection
              (10 damage)
             ... on level 4 of the Dungeon.
             The game lasted 00:08:56 (1299 turns).

kraftydee the Poker (Minotaur Gladiator)            Turns: 1299, Time: 00:08:57

Health: -7/37      AC:  3    Str: 20    XL:     4   Next: 1%
Magic:  0/3        EV: 13    Int:  5    God:    Okawaru [......]
Gold:   87         SH:  0    Dex: 11    Spells: 3/3 levels left

rFire    . . .     SeeInvis .   a - +0 trident
rCold    . . .     Gourm    .   (no shield)
rNeg     . . .     Faith    .   b - +0 leather armour
rPois    .         Spirit   +   c - +0 hat
rElec    .         Reflect  .   (no cloak)
rCorr    .         Harm     .   (no gloves)
MR       .....                  (no boots)
Stlth    +.........             h - amulet of guardian spirit
Regen    0.2/turn               (no ring)
MPRegen  0.1/turn               (no ring)

@: no status effects
A: retaliatory headbutt, horns 2
a: Renounce Religion


You were on level 4 of the Dungeon.
You worshipped Okawaru.
Okawaru was noncommittal.
You were very hungry.

You visited 2 branches of the dungeon, and saw 4 of its levels.

You collected 87 gold pieces.

Inventory:

Hand Weapons
 a - a +0 trident (weapon)
Armour
 b - a +0 leather armour (worn)
 c - a +0 hat (worn)
Jewellery
 h - an amulet of guardian spirit (around neck)
 i - a cursed ring of loudness {unknown}
 r - an uncursed amulet of magic regeneration {unknown}
Scrolls
 j - a scroll of remove curse {unknown}
 m - a scroll of enchant weapon {unknown}
 q - a scroll of identify
Potions
 e - a potion of curing {unknown}
 g - a potion of mutation {unknown}
 k - a potion of haste {unknown}
 l - 2 potions of lignification {unknown}
 n - a potion of flight {unknown}
 o - a potion of ambrosia {unknown}
 s - a potion of might {unknown}
Comestibles
 f - 2 bread rations
 p - 3 royal jellies


   Skills:
 + Level 2.9 Fighting
 + Level 4.7 Polearms
 + Level 2.3 Throwing
 + Level 1.3 Armour
 + Level 3.7 Dodging


You had 3 spell levels left.
You didn't know any spells.

Dungeon Overview and Level Annotations

Branches:
Dungeon (4/15)             Temple (1/1) D:4

Altars:
Cheibriados
Dithmenos
Fedhas
Hepliaklqana
Makhleb
Nemelex Xobeh
Okawaru
Qazlal
Ru
Sif Muna
Uskayaw
Vehumet
The Shining One

Annotations:
D:2 2 transporters
D:4 Edmund


Innate Abilities, Weirdness & Mutations

You reflexively headbutt those who attack you in melee.
You have a pair of horns on your head.


Message History

Edmund is caught in the net!
Edmund is heavily wounded.
Edmund struggles against the net.
You hit Edmund.
Edmund is heavily wounded.
Edmund struggles against the net.
You hit Edmund.
Edmund is heavily wounded.
Edmund struggles against the net.
You completely miss Edmund.
Edmund is heavily wounded.
Edmund struggles against the net.
You hit Edmund.
Edmund is severely wounded.
Edmund struggles against the net.
The net rips apart, and Edmund comes free!
You barely miss Edmund.
Edmund is severely wounded.
Edmund hits you with a flail of protection!
You die...

#?# #####.#
#.....#
###..$..#
........#
#.....# #.....#
#(.@@.#####
#####.....###
#.........#
#...#.#...#
#..#.#.#..#
#.#.#.#.#.#
#..#.>.#..####
#.#.#.#.#.....
#..#.#.#...####.


You could see Edmund.

Vanquished Creatures
  2 adders (D:2)
  A dart slug (D:1)
  A leopard gecko (D:1)
  A ball python (D:1)
  2 giant cockroaches
  7 goblins
  10 hobgoblins
  4 jackals (D:1)
  6 bats
  2 frilled lizards
  2 kobolds
  4 rats
42 creatures vanquished.

Notes
Turn   | Place    | Note
-------+----------+-------------------------------------------
     0 | D:1      | kraftydee the Minotaur Gladiator began the quest for the Orb.
     0 | D:1      | Reached XP level 1. HP: 18/18 MP: 0/0
    55 | D:1      | Reached skill level 4 in Polearms
    59 | D:1      | Reached XP level 2. HP: 6/25 MP: 1/1
   508 | D:1      | Reached XP level 3. HP: 30/30 MP: 2/2
   959 | D:2      | Found a radiant altar of Vehumet.
   964 | D:2      | Found a shadowy altar of Dithmenos.
   966 | D:2      | Found a sparkling altar of Nemelex Xobeh.
   985 | D:2      | Reached skill level 1 in Armour
   987 | D:2      | Found a transporter.
   987 | D:2      | Noticed a necrophage
   990 | D:2      | Found a transporter.
  1036 | D:2      | Reached XP level 4. HP: 36/37 MP: 3/3
  1065 | D:2      | You fall through a shaft for 2 floors!
  1086 | D:4      | Found a staircase to the Ecumenical Temple.
  1096 | Temple   | Entered the Ecumenical Temple
  1234 | Temple   | Became a worshipper of Warmaster Okawaru
  1269 | D:4      | Noticed Edmund
  1299 | D:4      | Mangled by Edmund

Skill      XL: |  1  2  3 |
---------------+----------+-----
Polearms       | 4 |  4.7
Armour         | 1 |  1.3
Fighting       | |  2.9
Throwing       | |  2.3
Dodging        | |  3.7

Action                   |  1- 3 |  4- 6 || total
-------------------------+-------+-------++-------
Melee: Trident           |    68 |    22 ||    90
       Headbutt          |    10 |     2 ||    12
Throw: Throwing net      |       |     3 ||     3
  Use: Scroll            |     1 |       ||     1
Armor: Leather armour    |     7 |       ||     7
Dodge: Dodged            |    34 |     8 ||    42
